 Dungeon Crawl Stone Soup version 0.27.0-1-g7a089689b8 (webtiles) character file.

Game seed: 1695765113724312063

63 tilp the Skirmisher (level 4, 0/48 HPs)
             Began as an Ogre Delver on Aug 6, 2021.
             Slain by a gnoll (12 damage)
             ... on level 2 of the Dungeon.
             The game lasted 00:03:02 (2714 turns).

tilp the Skirmisher (Ogre Delver)                   Turns: 2714, Time: 00:03:03

Health: 0/48       AC:  4    Str: 17    XL:     4   Next: 10%
Magic:  4/4        EV:  9    Int: 11    God:
Gold:   48         SH:  0    Dex: 10    Spells: 3/3 levels left

rFire    + . .     SeeInvis .   a - +0 mace
rCold    . . .     Faith    .   (no shield)
rNeg     . . .     Spirit   .   b - +1 robe
rPois    .         Reflect  .   (helmet restricted)
rElec    .         Harm     .   (no cloak)
rCorr    .         Rampage  .   (gloves unavailable)
Will     .....                  (boots unavailable)
Stlth    ++........             (no amulet)
HPRegen  0.16/turn              k - ring of protection from fire
MPRegen  0.09/turn              (no ring)

@: no status effects
A: large, unfitting armour, tough skin 1
a: no special abilities


You were on level 2 of the Dungeon.
You visited 1 branch of the dungeon, and saw 5 of its levels.

You collected 48 gold pieces.

Inventory:

Hand Weapons
 a - a +0 mace (weapon)
Missiles
 f - 30 stones (quivered)
Armour
 b - a +1 robe (worn)
Magical Staves
 j - a staff of death
Jewellery
 k - a ring of protection from fire (left hand)
Wands
 g - a wand of digging (3)
Scrolls
 c - a scroll of fog
 d - 2 scrolls of magic mapping
 e - a scroll of fear
Potions
 h - a potion of flight {unknown}
 i - 2 potions of curing


   Skills:
 - Level 4.0 Fighting
 + Level 3.9 Maces & Flails
 - Level 1.7 Dodging
 - Level 3.7 Stealth


You had 3 spell levels left.
You didn't know any spells.
Your spell library was empty.

Dungeon Overview and Level Annotations

Branches:
Dungeon (5/15)
 Temple: D:4-7

Altars:

Shops:
D:4 (


Innate Abilities, Weirdness & Mutations

You are too large for most types of armour.
You have tough skin. (AC +1)


Message History

You hit the gnoll.
The gnoll is moderately wounded.
The gnoll barely misses you.
You hit the gnoll.
The gnoll is severely wounded.
The gnoll barely misses you. x2; The gnoll closely misses you.
You closely miss the gnoll.
The gnoll is severely wounded.
The gnoll hits you from afar with a +0 halberd.
The gnoll hits you with a +0 club.
You hit the gnoll.
The gnoll is severely wounded.
The gnoll hits you from afar with a +0 halberd!
The gnoll hits you with a +0 club. The gnoll barely misses you.
You completely miss the gnoll.
The gnoll is severely wounded.
The gnoll barely misses you. x2
You barely miss the gnoll.
The gnoll is severely wounded.
The gnoll closely misses you. The gnoll barely misses you.
You hit the gnoll but do no damage.
The gnoll is severely wounded.
The gnoll closely misses you.
The gnoll hits you from afar with a +0 halberd.
The gnoll barely misses you.
You barely miss the gnoll.
The gnoll is severely wounded.
The gnoll barely misses you. x2
You hit the gnoll.
The gnoll is severely wounded.
The gnoll hits you from afar with a +0 halberd!
* * * LOW HITPOINT WARNING * * *
The gnoll hits you with a +0 club.
* * * LOW HITPOINT WARNING * * *
The gnoll barely misses you.
You closely miss the gnoll.
The gnoll is severely wounded.
The gnoll hits you but does no damage.
The gnoll hits you from afar with a +0 halberd!
You die...

.....<.##.###g####
...# .
.#####.##........#
...#
.^..##g##..##.##.#
...#
.##.##.##..##.##.#
...#
.......##.....##.#
...#
.......##..#####.#
.##.##.##..#####g#
.##)............g#
.#####.###.##.##@#
## .# #.#
#.#.#.#.###.... ..
..# #..###......#
### ####
#.#.#.#.#####
#.##.##.#
#.......#
##.....## #.###)#
#.# #.#


You could see 2 gnolls.

Vanquished Creatures
  2 gnolls (D:1)
  2 dart slugs (D:1)
  5 endoplasms
  3 giant cockroaches (D:1)
  2 goblins
  3 hobgoblins (D:1)
  4 jackals (D:1)
  A quokka (D:2)
  3 ball pythons
  3 bats (D:1)
  2 frilled lizards (D:1)
  5 rats (D:1)
35 creatures vanquished.

Vanquished Creatures (others)
  A plant (D:1)
1 creature vanquished.

Grand Total: 36 creatures vanquished

Notes
Turn   | Place    | Note
-------+----------+-------------------------------------------
     0 | D:5      | tilp the Ogre Delver began the quest for the Orb.
     0 | D:5      | Reached XP level 1. HP: 24/24 MP: 1/1
   116 | D:4      | Found Mostry's Weapon Emporium.
   624 | D:1      | Reached XP level 2. HP: 30/32 MP: 2/2
   803 | D:1      | Found a faded altar of an unknown god.
   967 | D:1      | Reached XP level 3. HP: 21/39 MP: 3/3
  2329 | D:1      | Reached XP level 4. HP: 12/48 MP: 4/4
  2714 | D:2      | Slain by a gnoll

Illustrated notes

Levels and vault maps discovered:
D:1:      lightli_arrival_windingriver, layout_basic,
          ebering_ecumenical_altar_sacrificial, serial_forest,
          infiniplex_forest_lined_2, infiniplex_forest_clump_C,
          infiniplex_forest_straight_4, infiniplex_forest_lined_room_3,
          infiniplex_forest_end_3, infiniplex_forest_3_way,
          infiniplex_forest_lined_room_3, infiniplex_forest_clump_medium,
          infiniplex_forest_end_3, infiniplex_forest_clump_long,
          serial_park_tiny_pond
D:2:      layout_loops_cross, serial_glass, glass_columns_b, glass_columns_b
D:3:      layout_rooms, uniq_jessica
D:4:      cheibrodos_barr_body, layout_basic, serial_shops,
          nicolae_stop_n_shop_2, shop_fountains,
          nicolae_shop_temple_entry_statues_fountains
D:5:      layout_loops_corners

Skill      XL: |  1  2 |
---------------+-------+-----
Maces & Flails | 2 3 |  3.9
Fighting       | |  4.0
Dodging        | |  1.7
Stealth        | |  3.7

Action                   |  1- 3 |  4- 6 || total
-------------------------+-------+-------++-------
Melee: Mace              |   118 |    12 ||   130
Throw: Stone             |     3 |       ||     3
  Use: Scroll            |     3 |       ||     3
       Potion            |     1 |       ||     1
 Stab: Sleeping          |     3 |       ||     3
Armor: Robe              |    41 |     1 ||    42
Dodge: Dodged            |    83 |    15 ||    98
